 Dungeon Crawl Stone Soup version 0.31-a0-145-g046c7d2549 (webtiles) character file.

Game seed: 6566166696891904149

150 qw the Shooter (level 5, -1/46 HPs)
             Began as a Minotaur Hunter on June 7, 2023.
             Succumbed to a scorpion's poison
             ... on level 3 of the Dungeon.
             The game lasted 00:00:56 (2464 turns).

qw the Shooter (Minotaur Hunter)                    Turns: 2464, Time: 00:00:56

Health: -1/46      AC:  5    Str: 16    XL:     5   Next: 10%
Magic:  4/4        EV: 11    Int:  6    God:
Gold:   197        SH:  0    Dex: 15    Spells: 4/4 levels left

rFire   . . .        Y - +0 shortbow
rCold   . . .        (shield currently unavailable)
rNeg    . . .        g - +0 ring mail
rPois   .            (helmet restricted)
rElec   .            (no cloak)
rCorr   .            (no gloves)
SInv    .            (no boots)
Will    .....        (no amulet)
Stlth   +            (no ring)
HPRegen 0.27/turn    (no ring)
MPRegen 0.09/turn

%: no passive effects
@: lethally poisoned (-1 -> -22), about to teleport
A: horns 2, retaliatory headbutt
a: no special abilities


You were on level 3 of the Dungeon.
You visited 1 branch of the dungeon, and saw 4 of its levels.

You collected 197 gold pieces.


Innate Abilities, Weirdness & Mutations

You have a pair of horns on your head.
You reflexively headbutt those who attack you in melee.


   Skills:
 + Level 3.8 Fighting
 - Level 6.3 Ranged Weapons
 - Level 1.2 Armour
 - Level 2.1 Dodging
 - Level 0.7 Stealth


You had 4 spell levels left.
You didn't know any spells.
Your spell library was empty.

Inventory:

Hand Weapons
 Y - a +0 shortbow (weapon)
Armour
 g - a +0 ring mail (worn)
Wands
 f - a wand of digging (5)
Scrolls
 a - a scroll of teleportation
 c - a scroll of identify
Potions
 b - a potion of haste {unknown}
 d - a potion of curing {unknown}
 e - a potion of lignification {unknown}
 h - a potion of degeneration {unknown}
 l - a potion of cancellation
 m - a potion of mutation {unknown}

Dungeon Overview and Level Annotations

Branches:
Dungeon (4/15)
 Temple: D:4-7

Altars:
Ashenzari
Hepliaklqana
Zin

Annotations:
D:2 1 runed translucent door, Crazy Yiuf


Message History

You shoot an arrow.
The arrow completely misses the scorpion.
You feel very sick. The scorpion barely misses you. The scorpion stings you.
2458 ||| STAIRDANCE You feel sick.
The scorpion stings you.
You are more poisoned.
The scorpion poisons you!
You climb upwards.
You feel extremely sick.
There is a stone staircase leading down here.
Enter note:
Enter note:
Enter note:
Enter note:
Enter note:
Enter note: You shoot an arrow.
The arrow hits the scorpion!
The scorpion is severely wounded.
You feel very sick. The scorpion stings you.
You are lethally poisoned!
The scorpion poisons you! The scorpion misses you.
You shoot an arrow. The arrow closely misses the scorpion.
You feel very sick. The scorpion barely misses you. You furiously retaliate!
You headbutt the scorpion. You shoot an arrow.
The arrow barely misses the scorpion.
You feel very sick. The scorpion closely misses you.
2463 ||| READING 2 scrolls of teleportation.
As you read the scroll of teleportation, it crumbles to dust.
You feel strangely unstable.
You feel very sick.
The scorpion stings you but does no damage.
The scorpion stings you.
You are more poisoned.
The scorpion poisons you!
You shoot an arrow. The arrow barely misses the scorpion.
You die...

#.# #.## #.# #.# #.#
#.# #.# #.# #.#
###.### #.# #<# #.#
#..##.# #.# #.# ##.#
#.##..# #.# #.# ...#
#.#.### #.# #.# .###
##.### ###.# #.# .#
#[##.## ##s..# #.# .#
#.#.#.####@#.## #.#
.## #..##.#...###.##
#.# %.# ######.##..##
##.# #.#
..###.>##_##....###.##
#.#
......#.###......#..#
#.# #.###...#
##...#..#.######.# #.#
##.##
##.##...........# #.#
#.# #.##.##.########
#.# #.# #.##.##.###


You could see a scorpion.

Vanquished Creatures
  An orc priest (D:3)
  An orc wizard (D:3)
  4 adders
  A worm (D:2)
  A dart slug (D:1)
  6 orcs (D:3)
  3 ball pythons
  3 endoplasms
  4 giant cockroaches
  3 goblins
  3 hobgoblins
  2 jackals (D:2)
  5 quokkas
  4 bats
  2 frilled lizards
  5 kobolds
  2 rats
50 creatures vanquished.

Notes
Turn   | Place    | Note
-------+----------+-------------------------------------------
     0 | D:1      | qw the Minotaur Hunter began the quest for the Orb.
     0 | D:1      | Reached XP level 1. HP: 18/18 MP: 0/0
     0 | D:1      | 0 ||| qw: Version: 0.2-a-117-gc6b5c8b
     0 | D:1      | 0 ||| qw: Game counter: 2505
     0 | D:1      | 0 ||| qw: Always use a shield: true
     0 | D:1      | 0 ||| qw: God list: Okawaru
     0 | D:1      | 0 ||| qw: Allow faded altars: false
     0 | D:1      | 0 ||| qw: Do Orc after D:15 true
     0 | D:1      | 0 ||| qw: Do second Lair branch before Depths: true
     0 | D:1      | 0 ||| qw: Lair rune preference: random
     0 | D:1      | 0 ||| qw: Plans: Normal
     0 | D:1      | 0 ||| PLANNING D:1-11
   217 | D:1      | Reached XP level 2. HP: 24/25 MP: 1/1
   371 | D:1      | Reached skill level 5 in Ranged Weapons
   557 | D:1      | Reached skill level 3 in Fighting
   730 | D:1      | 730 ||| UPGRADING to +0 ring mail.
   740 | D:1      | 740 ||| DROPPING +0 leather armour.
   741 | D:1      | 741 ||| READING scroll labelled DAHYGH QASCH.
   742 | D:1      | 742 ||| READING scroll labelled COREOTICIR.
   745 | D:1      | 745 ||| READING scroll labelled MANUZ ERUDD.
   846 | D:1      | 846 ||| READING scroll labelled TIEDAQO ZOREAF.
   847 | D:1      | 847 ||| READING scroll labelled ADOSONK DUGYM.
   848 | D:1      | 848 ||| READING scroll labelled EZUFUKHLAMECS.
   849 | D:1      | 849 ||| DROPPING scroll of butterflies.
   903 | D:2      | Reached skill level 1 in Armour
   903 | D:2      | Reached XP level 3. HP: 31/31 MP: 2/2
   911 | D:2      | 911 ||| STAIRDANCE
  1078 | D:2      | Found a runed translucent door.
  1079 | D:2      | Noticed Crazy Yiuf
  1375 | D:2      | 1375 ||| DRINKING 2 smoky dark potions.
  1376 | D:2      | 1376 ||| DRINKING 2 bubbling pink potions.
  1377 | D:2      | 1377 ||| READING 2 scrolls of identify.
  1377 | D:2      | 1377 ||| IDENTIFYING golden potion
  1378 | D:2      | 1378 ||| DROPPING potion of ambrosia.
  1379 | D:2      | 1379 ||| DROPPING potion of attraction.
  1446 | D:3      | Reached XP level 4. HP: 38/38 MP: 3/3
  1804 | D:3      | Found a hazy altar of Hepliaklqana.
  1865 | D:3      | Reached skill level 6 in Ranged Weapons
  1944 | D:3      | Found a glowing silver altar of Zin.
  1949 | D:3      | 1949 ||| FLEEEEING.
  1950 | D:3      | 1950 ||| FLEEEEING.
  1951 | D:3      | 1951 ||| FLEEEEING.
  1952 | D:3      | 1952 ||| FLEEEEING.
  1953 | D:3      | 1953 ||| FLEEEEING.
  1961 | D:3      | Reached XP level 5. HP: 42/45 MP: 4/4
  2106 | D:3      | 2106 ||| FLEEEEING.
  2108 | D:3      | 2108 ||| FLEEEEING.
  2109 | D:3      | 2109 ||| FLEEEEING.
  2110 | D:3      | 2110 ||| FLEEEEING.
  2111 | D:3      | 2111 ||| FLEEEEING.
  2112 | D:3      | 2112 ||| FLEEEEING.
  2113 | D:3      | 2113 ||| FLEEEEING.
  2114 | D:3      | 2114 ||| FLEEEEING.
  2115 | D:3      | 2115 ||| FLEEEEING.
  2116 | D:3      | 2116 ||| FLEEEEING.
  2117 | D:3      | 2117 ||| FLEEEEING.
  2118 | D:3      | 2118 ||| FLEEEEING.
  2119 | D:3      | 2119 ||| FLEEEEING.
  2120 | D:3      | 2120 ||| FLEEEEING.
  2121 | D:3      | 2121 ||| FLEEEEING.
  2122 | D:3      | 2122 ||| FLEEEEING.
  2124 | D:3      | 2124 ||| FLEEEEING.
  2125 | D:3      | 2125 ||| FLEEEEING.
  2126 | D:3      | 2126 ||| FLEEEEING.
  2127 | D:3      | 2127 ||| FLEEEEING.
  2128 | D:3      | 2128 ||| FLEEEEING.
  2129 | D:3      | 2129 ||| FLEEEEING.
  2130 | D:3      | 2130 ||| FLEEEEING.
  2131 | D:3      | 2131 ||| FLEEEEING.
  2132 | D:3      | 2132 ||| FLEEEEING.
  2133 | D:3      | 2133 ||| FLEEEEING.
  2134 | D:3      | 2134 ||| FLEEEEING.
  2135 | D:3      | 2135 ||| FLEEEEING.
  2136 | D:3      | 2136 ||| FLEEEEING.
  2137 | D:3      | 2137 ||| FLEEEEING.
  2138 | D:3      | 2138 ||| FLEEEEING.
  2139 | D:3      | 2139 ||| FLEEEEING.
  2140 | D:3      | 2140 ||| FLEEEEING.
  2141 | D:3      | 2141 ||| FLEEEEING.
  2142 | D:3      | 2142 ||| STAIRDANCE
  2301 | D:3      | Found a broken altar of Ashenzari.
  2371 | D:3      | Found a faded altar of an unknown god.
  2458 | D:4      | 2458 ||| STAIRDANCE
  2462 | D:3      | HP: 9/46 [poisoned by a scorpion]
  2463 | D:3      | 2463 ||| READING 2 scrolls of teleportation.
  2463 | D:3      | HP: 4/46 [scorpion (3)]
  2464 | D:3      | Succumbed to a scorpion's poison

Levels and vault maps discovered:
D:1:      lemuel_arrival_tunnels, layout_loops_ring, serial_bayou_pond_d
D:2:      layout_rooms, minmay_tromino_v4_b, uniq_crazy_yiuf_cottage
D:3:      layout_loops_ring, marbit_many_paths, nicolae_overflow_crystal_walls,
          lemuel_coloured_pillars_altar, nicolae_ecumenical_oubliette
D:4:      layout_basic, minmay_temple_entry_large_hall, serial_shops, shop,
          shop, shop, shop_statue, shop

Skill      XL: |  1  2  3  4 |
---------------+-------------+-----
Ranged Weapons | 5 6 |  6.3
Fighting       | 3 |  3.8
Armour         | 1 |  1.2
Dodging        | |  2.1
Stealth        | |  0.7

Action                     |  1- 3 |  4- 6 || total
---------------------------+-------+-------++-------
   Fire: Shortbow          |    94 |    68 ||   162
    Use: Scroll            |     7 |     1 ||     8
         Potion            |     2 |       ||     2
 Armour: Ring mail         |     6 |     8 ||    14
         Leather armour    |     1 |       ||     1
  Dodge: Dodged            |    24 |    14 ||    38

Table legend:
 A = Non-vault XP
 B = Vault XP
 C = Vault XP percentage of total XP
 D = Non-vault monster count
 E = Vault monster count
 F = Vault count percentage of total count
                 A         B        C        D         E       F
            +---------+---------+-------+---------+---------+-------
      Total |     211 |       4 |   1.9 |      48 |       2 |   4.0
            +---------+---------+-------+---------+---------+-------
        D:1 |      31 |       0 |   0.0 |      17 |       0 |   0.0
        D:2 |      62 |       2 |   3.1 |      15 |       1 |   6.2
        D:3 |     118 |       2 |   1.7 |      16 |       1 |   5.9
            +---------+---------+-------+---------+---------+-------
